 Dungeon Crawl Stone Soup version 0.28.0-53-g5a82cb258f (webtiles) character file.

Game seed: 15443529710399629183

108 bnorton916 the Magician (level 4, 0/24 HPs)
             Began as a Deep Elf Fire Elementalist on June 10, 2022.
             Slain by Ijyb
             ... wielding a +4 club
              (9 damage)
             ... on level 3 of the Dungeon.
             The game lasted 00:01:38 (3103 turns).

bnorton916 the Magician (DEFE)                      Turns: 3103, Time: 00:01:38

Health: 0/24       AC:  2    Str:  5    XL:     4   Next: 58%
Magic:  3/12       EV: 12    Int: 22    God:
Gold:   79         SH:  0    Dex: 15    Spells: 9/12 levels left

rFire   . . .      SeeInvis .   (no weapon)
rCold   . . .      Faith    .   (no shield)
rNeg    . . .      Spirit   .   a - +0 robe
rPois   .          Reflect  .   (no helmet)
rElec   .          Harm     .   (no cloak)
rCorr   .          Rampage  .   (no gloves)
Will    .....                   (no boots)
Stlth   ++........              (no amulet)
HPRegen 0.08/turn               (no ring)
MPRegen 0.13/turn               (no ring)

@: no status effects
A: no striking features
a: no special abilities


You were on level 3 of the Dungeon.
You visited 1 branch of the dungeon, and saw 3 of its levels.

You collected 79 gold pieces.

Inventory:

Missiles
 e - 64 stones
Armour
 a - a +0 robe (worn)
Scrolls
 c - 2 scrolls of fear {unknown}
 d - 2 scrolls of identify {unknown}
 f - a scroll of fog {unknown}
 g - a scroll of holy word {unknown}
 j - a scroll of magic mapping {unknown}
Potions
 b - a potion of resistance {unknown}
 h - 2 potions of attraction {unknown}
 i - 2 potions of invisibility {unknown}


   Skills:
 - Level 2.4 Dodging
 - Level 2.4 Stealth
 + Level 4.5 Spellcasting
 + Level 2.9 Conjurations
 + Level 4.3 Fire Magic


You had 9 spell levels left.
You knew the following spells:

 Your Spells              Type           Power      Damage    Failure   Level
a - Foxfire               Conj/Fire      84%        2x1d8     2%          1
b - Scorch                Fire           48%        2d7       2%          2

Your spell library contained the following spells:

 Spells                   Type           Power      Damage    Failure   Level
 Conjure Flame            Conj/Fire      21%        6-21      7%          3
 Beastly Appendage        Tmut           8%         N/A       11%         1
 Inner Flame              Hex/Fire       14%        N/A       13%         3
 Wereblood                Tmut           4%         N/A       16%         2
 Flame Wave               Conj/Fire      21%        2d7       24%         4
 Spider Form              Tmut/Pois      4%         N/A       32%         3


Dungeon Overview and Level Annotations

Branches:
Dungeon (3/15)

Altars:

Annotations:
D:3 Ijyb


Message History

You kill the ball python!
The foxfire hits Ijyb.
Ijyb is lightly wounded.
Casting: Foxfire (safe; 2% risk of failure)
Confirm with . or Enter, or press ? or * to list all spells.
You conjure some foxfire!
The foxfire hits Ijyb but does no damage.
Ijyb is lightly wounded.
The foxfire hits Ijyb.
Ijyb is moderately wounded.
Casting: Foxfire (safe; 2% risk of failure)
Confirm with . or Enter, or press ? or * to list all spells.
You conjure some foxfire!
Ijyb hits you with a +4 club!
The foxfire hits the worm.
The worm is heavily wounded.
The foxfire hits Ijyb but does no damage.
Ijyb is moderately wounded.
Ijyb screams, "Me stronger than you!" Ijyb barely misses you.
Casting: Foxfire (safe; 2% risk of failure)
Confirm with . or Enter, or press ? or * to list all spells.
You conjure some foxfire!
Ijyb closely misses you.
The foxfire hits Ijyb.
Ijyb is moderately wounded.
The foxfire hits Ijyb but does no damage.
Ijyb is moderately wounded.
Ijyb hits you with a +4 club. The worm closely misses you.
Casting: Foxfire (safe; 2% risk of failure)
Confirm with . or Enter, or press ? or * to list all spells.
Flames lash the worm.
The worm is severely wounded.
The worm's fire resistance burns away.
Ijyb hits you with a +4 club. Ijyb completely misses you.
The worm barely misses you.
Unknown command.
Casting: Scorch (safe; 2% risk of failure)
Confirm with . or Enter, or press ? or * to list all spells.
Flames lash Ijyb.
Ijyb is heavily wounded.
Ijyb's fire resistance burns away.
Ijyb hits you with a +4 club!
You die...

#'###.# ...##.# ...##.#
# ...##.# .# ...##.# ..#
...##.############ ...#
...##............+ ....#
...###########..##.....#
...# ........@g..#
#.#...♣†.w#.#
.....♣.♣...$
....♣.♣.♣..... #.[♣.♣ ♣
♣..#.# ..♣.♣ ♣.# # #..♣
.# .. ..


You could see Ijyb (combustible) and a worm (combustible).

Vanquished Creatures
  4 adders (D:2)
  3 dart slugs
  7 ball pythons
  9 endoplasms
  2 giant cockroaches
  7 hobgoblins
  3 jackals (D:1)
  4 kobolds
  2 quokkas
  6 bats
  4 frilled lizards
  7 goblins
  4 rats
62 creatures vanquished.

Vanquished Creatures (others)
  311 foxfires
311 creatures vanquished.

Grand Total: 373 creatures vanquished

Notes
Turn   | Place    | Note
-------+----------+-------------------------------------------
     0 | D:1      | bnorton916 the Deep Elf Fire Elementalist began the quest
                  | for the Orb.
     0 | D:1      | Reached XP level 1. HP: 10/10 MP: 6/6
   478 | D:1      | Reached XP level 2. HP: 15/15 MP: 5/8
  1445 | D:2      | Reached XP level 3. HP: 14/19 MP: 7/10
  2063 | D:2      | Learned a level 2 spell: Scorch
  2102 | D:2      | Reached XP level 4. HP: 24/24 MP: 7/12
  3088 | D:3      | Noticed Ijyb
  3103 | D:3      | Slain by Ijyb

Illustrated notes

Levels and vault maps discovered:
D:1:      minmay_arrival_glassed_features, layout_basic
D:2:      minmay_recursive_quarters, layout_basic
D:3:      layout_basic, okawaru_trees_2, st_stairs_7,
          chequers_serial_rivers_large_a, kennysheep_generic_room_3, uniq_ijyb

Skill      XL: |  1  2  3 |
---------------+----------+-----
Conjurations   | 2 |  2.9
Spellcasting   | 4 |  4.5
Fire Magic     | 4 |  4.3
Dodging        | |  2.4
Stealth        | |  2.4

Action                   |  1- 3 |  4- 6 || total
-------------------------+-------+-------++-------
 Cast: Foxfire           |   130 |    59 ||   189
       Scorch            |       |     4 ||     4
Armor: Robe              |     3 |     1 ||     4
Dodge: Dodged            |     2 |     5 ||     7
